cohdb
Replays
Latest Replays
All Replays
Popular Replays
Top Player Replays
Match Explorer
How It Works
Community
CoH3 Stats
Reddit
Sign in to upload your games and track your stats! →
Sign in with Steam
Match 47359304
Unlisted
Match 47359304
Overview
Messages
Build Orders
End
Vickers Machine Gun Team
Construct Section Command Post
Infantry Section
Dingo Light Scout Car
Infantry Section
Infantry Section
Construct Platoon Command Post
Humber Armored Car
Selects Heavy Armor Battlegroup
Selects Rigorous Vehicle Training
Selects Light Vehicle Withdraw and Refit
Grenade Package
6-pounder Anti-tank Gun Team
Royal Engineer Section
ML 3-inch Mortar Team
Construct Company Command Post
Selects UNKNOWN (202330)
Crusader AA Medium Tank
Royal Engineer Section
Selects Forward Repair Assembly
Crusader II Medium Tank
Selects Designate Targets
Designate Targets
Olg
rocketpossum
白织
JIucu4ka
0
0
Comments
sign in to comment!
No comments posted yet!